Map: Chantier naval orbital

Players

LÉopOLDineFr - Winner!

  • Race: Terran Terran
  • League: Diamond

Skizorager

  • Race: Protoss Protoss
  • League: Diamond

VOD

Have the link to the VOD?

Description

Time

  • Played on: Dec. 22, 2015, 4:17 p.m.
  • Length: 18:49
Show
View Real Time Build Order
Export as new Build Order

LÉopOLDineFr Terran - Winner!

Build Orders:  

Get SALT Encoding   

  12  0:01  SCV  
  13  0:13  SCV  
  14  0:18  Supply Depot  
  14  0:25  SCV  
  15  0:39  SCV  
  15  0:40  Barracks  
  16  0:45  Refinery  
  16  0:51  SCV  
  17  1:03  SCV  
  18  1:15  SCV  
  19  1:27  Orbital Command  
  19  1:30  Barracks Reactor  
  19  1:47  Command Center  
  19  2:05  SCV  
  19  2:06  Marine x2  
  22  2:11  Factory  
  22  2:18  Supply Depot  
  22  2:38  SCV  
  22  2:39  Marine x2  
  25  2:46  Bunker  
  25  2:50  SCV  
  26  2:55  Starport  
  26  3:02  SCV  
  26  3:08  Orbital Command  
  26  3:16  SCV  
  26  3:18  Hellion  
  29  3:22  Hellion  
  31  3:32  Refinery, Medivac  
  33  3:36  SCV  
  33  3:37  SCV  
  37  3:41  Hellion  
  37  3:44  Hellion  
  37  3:46  Marine  
  40  3:52  Supply Depot  
  40  3:54  SCV  
  41  3:56  SCV  
  42  4:06  SCV  
  42  4:07  Starport  
  42  4:09  Starport Tech Lab  
  43  4:20  Marine x2  
  45  4:24  Supply Depot  
  45  4:29  Banshee  
  45  4:30  SCV  
  45  4:31  SCV  
  50  4:34  Refinery  
  50  4:36  Supply Depot, Factory Tech Lab  
  50  4:38  Marine x2  
  52  4:43  SCV x2  
  54  4:51  Engineering Bay  
  54  4:55  SCV x2  
  54  4:58  Marine x2  
  58  5:07  SCV x2  
  60  5:16  Marine x2  
  60  5:19  SCV x2  
  64  5:25  Banshee  
  64  5:26  Viking  
  69  5:31  SCV  
  69  5:32  Supply Depot  
  70  5:35  Missile Turret  
  70  5:47  Supply Depot, SCV x2, Widow Mine  
  70  5:49  Missile Turret  
  74  5:56  Command Center, Raven  
  76  6:00  SCV x2  
  78  6:08  Banshee  
  78  6:10  Barracks  
  81  6:12  SCV x2  
  83  6:25  SCV x2  
  85  6:31  Supply Depot, Marine x2  
  87  6:34  Supply Depot  
  87  6:38  Barracks  
  87  6:39  Banshee, Cloaking Field  
  90  6:41  Widow Mine  
  92  6:50  Marine x2  
  94  6:57  SCV x2  
  96  7:03  Terran Infantry Weapons Level 1  
  96  7:05  Refinery  
  96  7:08  Marine x2  
  96  7:09  Supply Depot, SCV x2  
  100  7:17  Marine  
  100  7:21  SCV  
  102  7:26  Marine x2  
  102  7:27  Widow Mine  
  106  7:34  Banshee  
  106  7:35  Marine  
  110  7:38  Orbital Command  
  110  7:44  Refinery, Marine x2  
  110  7:46  Refinery, Stimpack  
  110  7:47  Viking  
  114  7:54  SCV x2, Barracks  
  114  7:56  Barracks, Widow Mine  
  118  8:02  Marine x2  
  118  8:03  Supply Depot  
  118  8:05  Supply Depot  
  120  8:06  SCV x2  
  120  8:07  SCV  
  126  8:13  Marauder  
  126  8:18  SCV x2  
  126  8:19  SCV, Marine  
  128  8:20  Marine  
  130  8:29  Marauder  
  130  8:30  SCV x2, Missile Turret  
  130  8:31  Combat Shields, SCV  
  137  8:34  Marauder  
  137  8:35  Viking  
  137  8:37  Marine  
  137  8:41  Marine x2  
  140  8:44  Medivac  
  144  8:50  Factory Tech Lab  
  144  8:51  Marauder  
  144  8:55  Marauder, Marine  
  149  8:57  Factory Tech Lab, Liberator  
  149  9:09  Marine x3  
  78  9:10  SCV x3, Viking  
  150  9:12  Supply Depot  
  150  9:14  Supply Depot, Marine  
  150  9:15  Marauder  
  165  9:17  Marauder  
  165  9:28  SCV  
  165  9:29  Marine  
  165  9:30  Marine  
  165  9:33  Marine x2  
  165  9:36  Marauder  
  165  9:37  Missile Turret  
  170  9:38  Marauder  
  170  9:45  Missile Turret  
  170  9:49  Missile Turret  
  170  9:51  SCV x3  
  173  9:53  Marine x4  
  173  9:57  Viking  
  173  9:58  Marauder  
  181  10:04  Viking  
  181  10:05  Marauder  
  175  10:10  Marine  
  175  10:11  Marine  
  166  10:17  Marine x2  
  166  10:19  Marauder  
  169  10:26  Marine  
  169  10:27  Viking  
  148  10:28  Marine x2  
  148  10:34  Viking  
  148  10:35  Marine x2  
  138  10:41  Marauder  
  141  10:45  Marauder  
  141  10:46  Marine x2  
  145  10:53  Marine  
  130  11:02  Marauder  
  119  11:06  Marauder  
  121  11:11  Marine x3  
  121  11:12  Marine  
  125  11:23  Marauder  
  127  11:27  Marauder  
  127  11:29  Marine x4  
  133  11:36  Terran Infantry Armor Level 1  
  133  11:42  Armory  
  133  11:43  Engineering Bay  
  133  11:44  Marine  
  128  11:47  Marine x4  
  128  11:49  Marauder  
  128  11:51  Starport Tech Lab x2  
  134  12:03  Marauder  
  134  12:04  Marine  
  134  12:05  Marine x3  
  134  12:06  Barracks  
  134  12:08  Barracks  
  140  12:09  Concussive Shells  
  140  12:10  Marauder  
  140  12:13  Raven x2  
  146  12:17  Siege Tank  
  146  12:22  Marine x2  
  149  12:23  Marine  
  149  12:24  Supply Depot, Marauder  
  147  12:30  Supply Depot  
  147  12:31  Marauder, Marine  
  150  12:40  Marine x2  
  152  12:44  Barracks Reactor  
  152  12:45  Marauder  
  152  12:49  Siege Tank, Marine  
  158  12:53  Marauder  
  158  12:56  Banshee, Raven  
  158  12:58  Marine x2  
  167  13:07  Marauder, Marine  
  170  13:14  Marauder  
  170  13:17  Command Center  
  170  13:19  Command Center  
  172  13:21  Siege Tank  
  172  13:22  Marine  
  172  13:23  Marine x5  
  172  13:24  Marine  
  182  13:28  Terran Infantry Weapons Level 2, Marauder  
  182  13:30  Terran Infantry Armor Level 2  
  182  13:32  Terran Vehicle And Ship Armor Level 1  
  184  13:36  Marauder  
  184  13:39  Banshee x2  
  184  13:40  Marine x2  
  194  13:41  Marine x3  
  197  14:02  Marine  
  197  14:05  Marine  
  197  14:06  Marine  
  197  14:08  Marine  
  197  14:11  Marine  
  197  14:12  Marine  
  197  14:13  Marine  
  197  14:14  Marauder, Marine  
  195  14:18  Siege Tank  
  195  14:21  Banshee x2  
  176  14:43  Marine  
  176  14:44  Marine x8  
  176  15:01  Marine x4  
  176  15:02  Marauder x2, Marine x2  
  176  15:04  Medivac  
  185  15:12  Marine  
  182  15:18  Refinery  
  182  15:19  Marine x6  
  187  15:21  Refinery  
  187  15:23  Planetary Fortress  
  187  15:24  Marauder x2  
  187  15:27  Missile Turret  
  191  15:30  Marine  
  192  15:36  Marine  
  193  15:45  Marauder x2  
  197  16:09  Marine  
  197  16:10  Marine  
  197  16:11  Marine  
  197  16:12  Marine  
  197  16:13  Marine  
  197  16:26  Terran Vehicle Weapons Level 1  
  197  16:51  Command Center  
  197  16:56  Command Center  
  197  17:17  Medivac, Marine x2  
  197  17:18  Marine x2  
  197  17:19  Command Center, Marine  
  197  17:20  Marine  
  197  17:22  Orbital Command  
  200  17:42  Marine  
  200  17:43  Marine  
  199  17:44  Medivac  
  199  17:46  Marauder  
  199  17:47  Raven  
  198  18:00  Marauder  
Show
View Real Time Build Order
Export as new Build Order

Skizorager Protoss 

Build Orders: Oracle Opening 

Get SALT Encoding   

  12  0:01  Probe (Chrono Boost)  
  13  0:11  Probe (Chrono Boost)  
  14  0:17  Pylon  
  14  0:22  Probe (Chrono Boost)  
  15  0:36  Probe (Chrono Boost), Gateway  
  16  0:46  Probe (Chrono Boost)  
  16  0:47  Assimilator  
  18  0:57  Probe (Chrono Boost)  
  18  1:02  Assimilator  
  18  1:07  Probe (Chrono Boost)  
  19  1:16  Pylon  
  19  1:27  Cybernetics Core  
  19  1:43  Probe (Chrono Boost)  
  19  1:50  Nexus  
  19  2:04  Mothership Core (Chrono Boost)  
  19  2:07  Warp Gate (Chrono Boost)  
  21  2:17  Stalker  
  21  2:22  Probe (Chrono Boost)  
  24  2:36  Robotics Facility  
  24  2:39  Probe (Chrono Boost)  
  25  2:49  Gateway  
  25  2:50  Probe (Chrono Boost)  
  26  3:00  Probe (Chrono Boost)  
  27  3:09  Stargate  
  27  3:10  Probe (Chrono Boost)  
  28  3:23  Probe (Chrono Boost)  
  28  3:24  Assimilator  
  29  3:30  Assimilator  
  29  3:31  Probe  
  30  3:34  Gateway  
  30  3:35  Probe  
  30  3:38  Stalker  
  33  3:44  Stalker  
  35  3:53  Oracle (Chrono Boost)  
  38  3:59  Pylon  
  38  4:16  Robotics Facility  
  38  4:19  Probe  
  39  4:25  Probe  
  40  4:31  Stalker, Probe  
  40  4:35  Probe  
  44  4:43  Probe  
  45  4:46  Probe  
  46  4:53  Stalker x2  
  46  4:55  Probe  
  46  4:56  Probe  
  52  5:07  Probe  
  52  5:12  Observer  
  54  5:22  Pylon  
  54  5:23  Pylon  
  54  5:40  Immortal  
  58  5:43  Stalker, Probe  
  58  5:44  Stalker x2  
  58  5:45  Probe  
  66  5:54  Probe  
  67  6:05  Probe  
  67  6:06  Probe  
  69  6:15  Probe  
  70  6:30  Pylon  
  70  6:42  Nexus  
  70  6:45  Pylon  
  70  6:47  Pylon  
  70  6:48  Probe, Warp Prism, Phoenix (Chrono Boost)  
  75  6:57  Gateway  
  75  6:59  Gateway  
  75  7:02  Robotics Bay  
  75  7:05  Stalker  
  75  7:06  Stalker x2  
  81  7:17  Phoenix (Chrono Boost)  
  83  7:24  Observer  
  83  7:29  Stalker  
  86  7:31  Stalker x2  
  90  7:38  Probe  
  90  7:39  Probe  
  92  7:48  Probe  
  93  7:51  Probe  
  93  7:53  Disruptor  
  97  8:02  Pylon x2  
  97  8:03  Probe, Phoenix (Chrono Boost)  
  97  8:04  Pylon  
  100  8:11  Stalker, Probe x2  
  100  8:12  Stalker x2  
  106  8:15  Probe  
  106  8:17  Pylon  
  106  8:19  Pylon  
  109  8:22  Probe  
  109  8:26  Stalker  
  112  8:34  Probe x2  
  112  8:35  Disruptor (Chrono Boost)  
  112  8:36  Probe  
  118  8:45  Stalker x2, Probe x2  
  118  8:48  Probe  
  125  8:50  Phoenix  
  127  8:55  Probe  
  128  9:04  Probe  
  128  9:05  Probe  
  128  9:07  Stalker x3  
  136  9:15  Probe, Disruptor (Chrono Boost)  
  140  9:36  Probe x2  
  140  9:37  Probe  
  139  9:39  Stalker x4  
  139  9:45  Stalker  
  145  10:12  Stalker x5  
  145  10:19  Observer (Chrono Boost)  
  130  10:35  Stalker x4  
  123  10:36  Stalker  
  116  10:58  Observer (Chrono Boost)  
  116  10:59  Stalker  
  116  11:00  Stalker x4  
  113  11:16  Observer (Chrono Boost)  
  114  11:35  Observer (Chrono Boost)  
  115  11:48  Stalker x4  
  115  11:49  Stalker  
  125  12:01  Probe  
  125  12:02  Probe  
  125  12:05  Assimilator  
  125  12:08  Disruptor (Chrono Boost)  
  130  12:11  Assimilator  
  130  12:32  Stalker x5  
  130  12:33  Probe  
  130  12:35  Probe  
  142  12:39  Disruptor (Chrono Boost)  
  142  12:42  Nexus  
  145  12:58  Stalker x2  
  149  13:13  Pylon  
  149  13:14  Pylon  
  149  13:16  Pylon  
  149  13:22  Pylon  
  149  13:24  Pylon  
  149  13:25  Pylon  
  149  13:27  Pylon  
  149  13:28  Pylon  
  149  13:30  Phoenix  
  149  13:31  Disruptor (Chrono Boost), Pylon  
  149  13:32  Pylon  
  154  13:34  Forge, Pylon  
  154  13:35  Pylon  
  154  13:36  Pylon  
  154  13:37  Forge  
  154  13:38  Stalker x2  
  154  13:39  Stalker x3, Assimilator  
  164  13:44  Assimilator  
  152  14:10  Stalker x2  
  152  14:11  Stalker x3  
  111  14:40  Stalker x5  
  82  15:04  Stalker x2  
  82  15:05  Stalker x3  
  92  15:22  Disruptor (Chrono Boost)  
  92  15:23  Void Ray (Chrono Boost)  
  99  15:28  Stalker  
  99  15:29  Stalker x4  
  109  15:40  Nexus  
  109  15:52  Nexus  
  109  15:57  Stalker x5  
  109  15:58  Observer  
  109  16:00  Nexus  
  109  16:02  Void Ray (Chrono Boost)  
  124  16:18  Disruptor  
  127  16:29  Probe x2  
  127  16:30  Probe  
  130  16:34  Stalker x2  
  130  16:35  Stalker x3  
  130  16:39  Void Ray (Chrono Boost)  
  144  16:40  Probe x2  
  144  16:43  Probe  
  147  16:50  Probe x2  
  149  16:54  Warp Prism  
  151  17:02  Pylon  
  151  17:03  Pylon  
  151  17:16  Void Ray (Chrono Boost)  
  149  17:27  Stalker x2  
  138  17:48  Adept x3  
  142  17:56  Disruptor  
  145  18:00  Stalker x2  
  145  18:01  Probe  
  145  18:02  Probe  
  145  18:04  Probe  
  152  18:16  Zealot x2  
  66  18:43  Zealot x2  
  66  18:44  Zealot x3  
Tags
 
Add a new tag
Caveats
  • Supply blocks, unpowered buildings, or Contaminate may cause inaccurate times.
  • Supply counts are checked every 10 seconds.